 Dungeon Crawl Stone Soup version 0.29.1-1-gd02db6906a (webtiles) character file.

Game seed: 7299689611817648887

2593 Quingondo the Blocker (level 9, 0/74 HPs)
             Began as a Gnoll Fighter on Sept 20, 2022.
             Was a Believer of Makhleb.
             Slain by a hog (3 damage)
             ... on level 7 of the Dungeon.
             The game lasted 00:16:57 (8102 turns).

Quingondo the Blocker (Gnoll Fighter)               Turns: 8102, Time: 00:16:57

Health: 0/74       AC: 17    Str: 20    XL:     9   Next: 58%
Magic:  15/15      EV:  7    Int:  7    God:    Makhleb [**....]
Gold:   408        SH:  0    Dex: 12    Spells: 17/17 levels left

rFire   . . .      SeeInvis .   c - +5 halberd (freeze)
rCold   . . .      Faith    .   (shield currently unavailable)
rNeg    . . .      Spirit   .   f - +1 plate armour
rPois   .          Reflect  .   n - +1 helmet "Dacufry Lerr" {Rampage rElec}
rElec   +          Harm     .   (no cloak)
rCorr   .          Rampage  +   (no gloves)
Will    .....                   (no boots)
Stlth   ..........              (no amulet)
HPRegen 0.22/turn               (no ring)
MPRegen 0.14/turn               (no ring)

@: no status effects
A: fangs 1, strong nose, distributed training
a: Renounce Religion, Minor Destruction


You were on level 7 of the Dungeon.
You worshipped Makhleb.
Makhleb was pleased with you.
You visited 2 branches of the dungeon, and saw 8 of its levels.

You collected 408 gold pieces.

Inventory:

Hand Weapons
 a - a +0 war axe
 c - a +5 halberd of freezing (weapon)
 d - a +2 flail of freezing
Armour
 b - a +0 scale mail
 f - a +1 plate armour (worn)
 n - the +1 helmet "Dacufry Lerr" (worn) {Rampage rElec}
   (You found it on level 2 of the Dungeon)

   rElec:     It insulates you from electricity.
   Rampage:   It bestows one free step when moving towards enemies.
Jewellery
 i - a ring of protection from cold
 l - a +6 ring of dexterity
Wands
 m - a wand of paralysis (13)
 s - a wand of flame (18)
Scrolls
 e - 11 scrolls of identify
 o - 2 scrolls of poison {unknown}
 p - 2 scrolls of magic mapping
 q - a scroll of brand weapon {unknown}
 r - a scroll of butterflies
Potions
 h - a potion of resistance
 k - a potion of curing


   Skills:
 + Level 8.1 Fighting
 + Level 4.5 Short Blades
 + Level 4.5 Long Blades
 + Level 6.5 Axes
 + Level 4.5 Maces & Flails
 + Level 4.5 Polearms
 + Level 4.5 Staves
 + Level 4.5 Ranged Weapons
 + Level 4.5 Throwing
 + Level 8.1 Armour
 + Level 4.5 Dodging
 + Level 4.5 Stealth
 + Level 8.1 Shields
 + Level 4.5 Unarmed Combat
 + Level 4.5 Spellcasting
 + Level 3.7 Conjurations
 + Level 3.7 Hexes
 + Level 3.7 Summonings
 + Level 3.7 Necromancy
 + Level 3.7 Translocations
 + Level 3.7 Transmutations
 + Level 3.7 Fire Magic
 + Level 3.7 Ice Magic
 + Level 3.7 Air Magic
 + Level 3.7 Earth Magic
 + Level 3.7 Poison Magic
 + Level 5.0 Invocations
 + Level 4.5 Evocations


You had 17 spell levels left.
You didn't know any spells.
Your spell library contained the following spells:

 Spells                   Type           Power      Damage    Failure   Level
 Gell's Gravitas          Tloc           6%         N/A       98%         3
 Portal Projectile        Hex/Tloc       12%        N/A       98%         3
 Teleport Other           Tloc           6%         N/A       98%         3
 Tukima's Dance           Hex            6%         N/A       98%         3
 Blade Hands              Tmut           3%         N/A       100%        5
 Dispersal                Tloc           3%         N/A       100%        6


Dungeon Overview and Level Annotations

Branches:
Dungeon (7/15)             Temple (1/1) D:4

Altars:
Ashenzari
Cheibriados
Dithmenos
Elyvilon
Fedhas
Gozag
Kikubaaqudgha
Makhleb
Qazlal
Ru
Sif Muna
Trog
Uskayaw
Vehumet
Wu Jian
Yredelemnul
Zin
The Shining One

Shops:
D:6 *


Innate Abilities, Weirdness & Mutations

You have very sharp teeth.
Your uncanny sense of smell can sniff out nearby items.
Your experience applies equally to all skills.


Message History

The hog bites you. The human hits you with a +0 hand axe! The hog bites you.
You are too injured to fight recklessly!
You are too injured to fight recklessly!
You are too injured to fight recklessly!
You are too injured to fight recklessly!
You are too injured to fight recklessly!
You are too injured to fight recklessly!
You are too injured to fight recklessly!
You are too injured to fight recklessly!
You are too injured to fight recklessly!
You are too injured to fight recklessly!
You are too injured to fight recklessly!
You are too injured to fight recklessly!
You are too injured to fight recklessly!
You are too injured to fight recklessly!
You are too injured to fight recklessly!
You are too injured to fight recklessly!
You are too injured to fight recklessly!
You are too injured to fight recklessly!
The human attacks as you move away! The human hits you but does no damage.
Really read the scroll of immolation?
As you read the scroll of immolation, it crumbles to dust.
The creatures around you are filled with an inner flame!
The hog bites you!
* * * LOW HITPOINT WARNING * * *
The hog bites you but does no damage. The hog attacks as you move away!
The hog barely misses you. The hog bites you!
* * * LOW HITPOINT WARNING * * *
The hog attacks as you move away! The hog bites you but does no damage.
The hog attacks as you move away! The hog bites you but does no damage.
The hog closely misses you. The hog bites you but does no damage.
The hog bites you.
* * * LOW HITPOINT WARNING * * *
The hog bites you but does no damage. The hog attacks as you move away!
The hog bites you.
* * * LOW HITPOINT WARNING * * *
You closely miss the hog.
The hog bites you but does no damage. x2
The hog bites you.
You die...

.....#### ....# ###
.....##.###... ###.##
.........#...## #....##
.#.......##...###.....## ####
##)..##.)##....#.......###..####
....##....#....#.....####......#
....###))............##.#......##
......)).........hp.............#
......)##.......@hhY.............
......##......[..............####
........##.##................'...
.....#...#...........#.......#...
.....##.............##.......###'
....###......#########..#....#...
.............#8##8##8#..##...#...
.....#....#..........^.......####
.........###.#8##8##8###.........


You could see a yak (inner flame), 3 hogs and a human (inner flame).

Vanquished Creatures
  An orc warrior (D:7)
  4 black bears
  3 ice beasts
  2 sky beasts
  An ogre (D:6)
  2 centaurs (D:7)
  A kobold brigand (D:7)
  A necrophage (D:5)
  4 scorpions
  4 wights (D:6)
  3 killer bees (D:7)
  An electric eel (D:6)
  4 orc priests
  3 hounds
  2 iguanas
  9 orc wizards
  Natasha (D:2)
  4 gnolls (D:5)
  5 adders
  A shadow imp (D:7)
  A white imp (D:3)
  2 worms
  A dart slug (D:3)
  16 orcs
  6 ball pythons
  9 endoplasms
  4 giant cockroaches
  5 goblins
  10 hobgoblins
  6 jackals
  9 kobolds
  5 quokkas
  3 bats
  3 frilled lizards
  7 rats
143 creatures vanquished.

Vanquished Creatures (others)
  7 plants (D:3)
7 creatures vanquished.

Grand Total: 150 creatures vanquished

Notes
Turn   | Place    | Note
-------+----------+-------------------------------------------
     0 | D:1      | Quingondo the Gnoll Fighter began the quest for the Orb.
     0 | D:1      | Reached XP level 1. HP: 23/23 MP: 1/1
   127 | D:1      | Found a faded altar of an unknown god.
   197 | D:1      | Reached XP level 2. HP: 29/29 MP: 2/2
   895 | D:2      | Reached XP level 3. HP: 30/35 MP: 3/3
   967 | D:2      | Reached skill level 1 in Invocations
  1056 | D:2      | Identified the +1 helmet "Dacufry Lerr" {Rampage rElec}
  1327 | D:2      | Noticed Natasha
  1344 | D:2      | Killed Natasha
  1345 | D:2      | Reached skill level 1 in Short Blades
  1345 | D:2      | Reached skill level 1 in Long Blades
  1345 | D:2      | Reached skill level 1 in Maces & Flails
  1345 | D:2      | Reached skill level 1 in Polearms
  1345 | D:2      | Reached skill level 1 in Staves
  1345 | D:2      | Reached skill level 1 in Ranged Weapons
  1345 | D:2      | Reached skill level 1 in Throwing
  1345 | D:2      | Reached skill level 1 in Dodging
  1345 | D:2      | Reached skill level 1 in Stealth
  1345 | D:2      | Reached skill level 1 in Unarmed Combat
  1345 | D:2      | Reached skill level 1 in Spellcasting
  1345 | D:2      | Reached skill level 1 in Evocations
  1345 | D:2      | Reached XP level 4. HP: 35/41 MP: 5/5
  1536 | D:3      | Reached skill level 1 in Conjurations
  1536 | D:3      | Reached skill level 1 in Hexes
  1536 | D:3      | Reached skill level 1 in Summonings
  1536 | D:3      | Reached skill level 1 in Necromancy
  1536 | D:3      | Reached skill level 1 in Translocations
  1536 | D:3      | Reached skill level 1 in Transmutations
  1536 | D:3      | Reached skill level 1 in Fire Magic
  1536 | D:3      | Reached skill level 1 in Ice Magic
  1536 | D:3      | Reached skill level 1 in Air Magic
  1536 | D:3      | Reached skill level 1 in Earth Magic
  1536 | D:3      | Reached skill level 1 in Poison Magic
  2648 | D:4      | Reached XP level 5. HP: 47/47 MP: 7/7
  3075 | D:4      | Found a staircase to the Ecumenical Temple.
  3138 | Temple   | Entered the Ecumenical Temple
  3437 | Temple   | Became a worshipper of Makhleb the Destroyer
  3544 | D:4      | Noticed a sky beast
  3550 | D:4      | Killed a sky beast
  3551 | D:4      | Reached skill level 5 in Axes
  3551 | D:4      | Reached XP level 6. HP: 53/53 MP: 7/9
  4036 | D:5      | Entered Level 5 of the Dungeon
  4055 | D:5      | Found a glowing golden altar of the Shining One.
  4055 | D:5      | Found a shimmering blue altar of Sif Muna.
  4807 | D:5      | Reached XP level 7. HP: 59/60 MP: 10/10
  5412 | D:5      | Reached * piety under Makhleb
  5533 | D:6      | Reached XP level 8. HP: 64/67 MP: 12/12
  6242 | D:6      | Found Tisug's Fire Supplies.
  6645 | D:6      | Found a bloodstained altar of Trog.
  7179 | D:7      | Reached XP level 9. HP: 73/73 MP: 14/14
  7643 | D:7      | Reached ** piety under Makhleb
  7671 | D:7      | Reached skill level 5 in Invocations
  8100 | D:7      | HP: 2/74 [hog (2)]
  8102 | D:7      | Slain by a hog

Illustrated notes

Levels and vault maps discovered:
D:1:      tarquinn_simple_flora_water_c, layout_loops_ring,
          shapermc_ecumenical_altar_mp_vishouse, minmay_pentomino_r4
D:2:      layout_rooms, uniq_natasha
D:3:      layout_basic, serial_bayou, serial_bayou_pond_e,
          serial_bayou_lagoon_b, serial_bayou_lake_a, serial_bayou_shore_b
D:4:      layout_loops_corners, minmay_temple_entry_mist,
          amcnicky_mini_rare_corridor_liquid, corexii_hall_statues_i,
          sigmund_army
D:5:      wad_pebble_path, layout_basic,
          chequers_temple_overflow_statue_of_worship,
          minmay_fractal_squares_diagonal_5
D:6:      nicolae_cairo_tiling_large_dashed, layout_loops_corners, trog_book,
          nicolae_water_bricks, hangedman_decor_slide_cut,
          nicolae_shop_fire_sale [nicolae_sub_dead_trees], minmay_door_square
D:7:      layout_cave_pools, grunt_livestock, amcnicky_mini_corridor_feature
Temple:   compressed_dpeg_triangle_lava_temple

Skill      XL: |  1  2  3  4  5  6  7  8  9 |
---------------+----------------------------+-----
Invocations    | 1 2 3 4 5 |  5.0
Short Blades   | 1 2 3 4 |  4.5
Long Blades    | 1 2 3 4 |  4.5
Maces & Flails | 1 2 3 4 |  4.5
Polearms       | 1 2 3 4 |  4.5
Staves         | 1 2 3 4 |  4.5
Ranged Weapons | 1 2 3 4 |  4.5
Throwing       | 1 2 3 4 |  4.5
Dodging        | 1 2 3 4 |  4.5
Stealth        | 1 2 3 4 |  4.5
Unarmed Combat | 1 2 3 4 |  4.5
Spellcasting   | 1 2 3 4 |  4.5
Evocations     | 1 2 3 4 |  4.5
Conjurations   | 1 2 3 |  3.7
Hexes          | 1 2 3 |  3.7
Summonings     | 1 2 3 |  3.7
Necromancy     | 1 2 3 |  3.7
Translocations | 1 2 3 |  3.7
Transmutations | 1 2 3 |  3.7
Fire Magic     | 1 2 3 |  3.7
Ice Magic      | 1 2 3 |  3.7
Air Magic      | 1 2 3 |  3.7
Earth Magic    | 1 2 3 |  3.7
Poison Magic   | 1 2 3 |  3.7
Axes           | 5 6 |  6.5
Fighting       | 7 8 |  8.1
Armour         | 7 8 |  8.1
Shields        | 7 8 |  8.1

Action                   |  1- 3 |  4- 6 |  7- 9 || total
-------------------------+-------+-------+-------++-------
Melee: War axe           |   106 |   196 |    74 ||   376
       Bite              |    10 |    22 |    29 ||    61
       Halberd           |       |       |   135 ||   135
       Flail             |       |       |    14 ||    14
  Use: Scroll            |     9 |       |     5 ||    14
       Potion            |     2 |     1 |    12 ||    15
Armor: Scale mail        |     4 |       |       ||     4
       Plate armour      |    74 |   175 |   339 ||   588
Dodge: Dodged            |    25 |    63 |   147 ||   235
Block: Buckler           |    21 |    46 |    31 ||    98
